 Dungeon Crawl Stone Soup version 0.31.0-11-ge490571c62 (webtiles) character file.

Game seed: 9493574742982759352

2888 ssalbiz the Destroyer (level 9, -7/66 HPs)
             Began as a Gnoll Conjurer on Jan 30, 2024.
             Was a Follower of Vehumet.
             Killed from afar by an electric eel (8 damage)
             ... with a bolt of electricity
             ... in a bailey.
             The game lasted 00:17:07 (8197 turns).

ssalbiz the Destroyer (Gnoll Conjurer)              Turns: 8197, Time: 00:17:08

Health: -7/66      AC:  8    Str:  7    XL:     9   Next: 77%
Magic:  19/19      EV: 15    Int: 21    God:    Vehumet [*.....]
Gold:   464        SH:  0    Dex: 17    Spells: 11/22 levels left

rFire   . . .        u - +6 mace of the Durable God {vamp, Fly rN+}
rCold   . . .        (no shield)
rNeg    + . .        G - +0 steam dragon scales
rPois   .            i - +0 helmet
rElec   .            A - +0 cloak
rCorr   .            (no gloves)
SInv    .            (no boots)
Will    .....        F - amulet of the acrobat
Stlth   +++          k - +6 ring of dexterity
HPRegen 0.31/turn    (no ring)
MPRegen 0.16/turn

%: acrobat
@: flying
A: fangs 1, strong nose, distributed training
a: Renounce Religion


You were in a bailey.
You worshipped Vehumet.
Vehumet was aware of your devotion.
You visited 2 branches of the dungeon, and saw 9 of its levels.
You also visited: Bailey.

You collected 464 gold pieces.

Inventory:

Hand Weapons
 r - a +0 dagger of protection
 u - the +6 mace of the Durable God (weapon) {vamp, Fly rN+}
   (You found it on level 3 of the Dungeon)

   rN+:       It protects you from negative energy.
   Fly:       It grants you flight.
Missiles
 v - 5 poisoned darts
Armour
 g - a scarf of invisibility
 i - a +0 helmet (worn)
 A - a +0 cloak (worn)
 G - +0 steam dragon scales (worn)
Magical Staves
 y - a staff of earth
Jewellery
 k - a +6 ring of dexterity (left hand)
 z - a ring of ice
 F - an amulet of the acrobat (around neck)
Talismans
 s - a serpent talisman
Wands
 f - a wand of flame (17)
 o - a wand of acid (7)
 D - a wand of iceblast (13)
Scrolls
 d - 3 scrolls of amnesia {unknown}
 e - 2 scrolls of teleportation {unknown}
 h - a scroll of brand weapon {unknown}
 l - 3 scrolls of noise {unknown}
 m - 2 scrolls of enchant armour {unknown}
 p - a scroll of enchant weapon {unknown}
 B - a scroll of fear {unknown}
 E - a scroll of vulnerability {unknown}
Potions
 a - a potion of mutation
 b - 2 potions of magic
 c - a potion of lignification
 j - a potion of invisibility
 n - 2 potions of heal wounds {unknown}
 q - 2 potions of might {unknown}
 t - 2 potions of haste
 w - a potion of ambrosia {unknown}
 x - a potion of enlightenment {unknown}
 C - 2 potions of curing
 H - a potion of cancellation {unknown}
 I - a potion of resistance {unknown}


   Skills:
 + Level 4.7 Fighting
 + Level 4.7 Short Blades
 + Level 4.7 Long Blades
 + Level 4.7 Axes
 + Level 4.7 Maces & Flails
 + Level 4.7 Polearms
 + Level 4.7 Staves
 + Level 4.7 Ranged Weapons
 + Level 4.7 Throwing
 + Level 4.7 Armour
 + Level 6.6 Dodging
 + Level 6.4 Stealth
 + Level 4.7 Shields
 + Level 4.7 Unarmed Combat
 + Level 7.0 Spellcasting
 + Level 8.2 Conjurations
 + Level 3.9 Hexes
 + Level 3.9 Summonings
 + Level 3.9 Necromancy
 + Level 3.9 Translocations
 + Level 3.9 Fire Magic
 + Level 3.9 Ice Magic
 + Level 3.9 Air Magic
 + Level 3.9 Earth Magic
 + Level 3.9 Alchemy
 + Level 5.2 Invocations
 + Level 4.7 Evocations
 + Level 4.3 Shapeshifting


You had 11 spell levels left.
You knew the following spells:

 Your Spells              Type           Power      Damage    Failure   Level
a - Magic Dart            Conj           100%       1d8       1%          1
b - Searing Ray           Conj           82%        2d7       1%          2
c - Fulminant Prism       Conj/Alch      16%        3d10      7%          4
d - Iskenderun's Mystic   Conj/Tloc      32%        2d8       7%          4

Your spell library contained the following spells:

 Spells                   Type           Power      Damage    Failure   Level
 Foxfire                  Conj/Fire      100%       2x1d9     1%          1
 Necrotise                Necr           92%        1d8       1%          1
 Static Discharge         Conj/Air       64%        3-6/arc   1%          2
 Inner Flame              Hex/Fire       23%        N/A       5%          3
 Vampiric Draining        Necr           23%        2d7       5%          3
 Flame Wave               Conj/Fire      32%        2d9       7%          4
 Airstrike                Air            11%        2d(2-18)  17%         4
 Animate Armour           Summ/Erth      46%        N/A       17%         4
 Martyr's Knell           Necr/Summ      23%        N/A       17%         4
 Sticky Flame             Fire/Alch      23%        2d6       17%         4
 Summon Lightning Spire   Summ/Air       23%        N/A       17%         4
 Curse of Agony           Necr           23%        N/A       43%         5
 Lee's Rapid Deconstruct  Erth           11%        3d8*      43%         5


Dungeon Overview and Level Annotations

Branches:
Dungeon (8/15)             Temple (1/1) D:6          Bailey (1/1)
   Lair: D:8-11

Altars:
Ashenzari
Cheibriados
Dithmenos
Elyvilon
Fedhas
Gozag
Hepliaklqana
Kikubaaqudgha
Makhleb
Nemelex Xobeh
Okawaru
Qazlal
Ru
Sif Muna
Trog
Uskayaw
Vehumet
Wu Jian
Xom
Yredelemnul
Zin
The Shining One

Annotations:
D:7 1 runed translucent door, exclusion: door, Crazy Yiuf
D:8 Joseph


Innate Abilities, Weirdness & Mutations

You have very sharp teeth.
Your uncanny sense of smell can sniff out nearby items.
Your experience applies equally to all skills.


Message History

Confirm with . or Enter, or press ? or * to list all spells.
Aiming: Searing Ray (safe; 1% risk of failure)
Press: ? - help, Shift-Dir - straight line, f/p - orc warrior
Aim: an orc warrior, wielding a +0 war axe and wearing a +0 scale mail (lightly wounded, 77% to hit)
The searing ray hits the orc warrior!
The orc warrior is moderately wounded. (Press . to maintain the ray.)
An orc high priest comes into view. It is wielding a +0 war axe.
An electric eel comes into view.
The electric eel shoots out a bolt of lightning at you!
The bolt of electricity hits you!
An electric eel comes into view.
An electric eel comes into view.
The electric eel shoots out a bolt of lightning at you!
The bolt of electricity hits you!
Casting: Searing Ray (safe; 1% risk of failure)
Confirm with . or Enter, or press ? or * to list all spells.
Okay, then.
Okay, then.
Okay, then.
The electric eel shoots out a bolt of lightning at you!
The bolt of electricity hits you!
The electric eel shoots out a bolt of lightning at you!
The bolt of electricity hits you!
You start removing your armour.
You continue taking off your +0 cloak.
The electric eel shoots out a bolt of lightning at you!
The bolt of electricity hits you!
The electric eel shoots out a bolt of lightning at you!
The bolt of electricity hits you.
You continue taking off your +0 cloak.
The electric eel shoots out a bolt of lightning at you!
The bolt of electricity hits you!
* * * LOW HITPOINT WARNING * * *
The electric eel shoots out a bolt of lightning at you!
The bolt of electricity hits the electric eel.
The electric eel completely resists.
The bolt of electricity hits you!
* * * LOW HITPOINT WARNING * * *
The electric eel shoots out a bolt of lightning at you!
The bolt of electricity hits you!
You die...

#≈≈≈≈≈≈≈≈~.#
#≈≈≈≈S≈≈≈~.#
#≈≈≈≈≈S≈≈~.#
#≈≈≈≈≈≈≈≈~.#
#≈≈≈≈≈S≈≈~.#
#≈≈≈≈≈≈≈≈~.#
#≈≈≈≈≈≈≈≈~.# #≈≈≈≈≈@≈≈#
#≈≈≈≈≈≈≈≈# #≈≈≈≈≈≈≈≈#
#≈≈≈≈≈≈≈≈# #####+++#
#≈≈≈≈≈≈≈≈#∆ #........
#≈≈≈≈≈≈≈≈######~~~~...~
#≈≈≈≈≈≈≈≈≈≈≈≈≈≈≈≈≈≈...≈
#≈≈≈≈≈≈≈≈≈≈≈≈≈≈≈≈≈≈...≈
#≈≈≈≈≈≈≈≈≈≈≈≈≈≈≈≈≈≈...≈


You could see 3 electric eels.

Vanquished Creatures
  An orc knight (Bailey)
  A steam dragon (D:6)
  A water moccasin (D:7)
  2 ice beasts (D:7)
  A sky beast (D:7)
  A black bear (D:8)
  2 ogres
  2 centaurs
  4 bullfrogs
  2 scorpions
  11 killer bees (D:8)
  2 bombardier beetles
  2 orc priests
  6 hounds
  4 jellies
  4 iguanas
  An orc wizard (D:6)
  2 adders (D:3)
  A shadow imp (D:5)
  4 ufetubi
  A dart slug (D:2)
  4 ribbon worms
  8 orcs
  6 bats
  7 endoplasms
  2 giant cockroaches
  12 goblins
  7 hobgoblins
  4 jackals (D:1)
  3 kobolds
  5 quokkas
  7 ball pythons
  2 frilled lizards
  6 rats
128 creatures vanquished.

Notes
Turn   | Place    | Note
-------+----------+-------------------------------------------
     0 | D:1      | ssalbiz the Gnoll Conjurer began the quest for the Orb.
     0 | D:1      | Reached XP level 1. HP: 13/13 MP: 6/6
   205 | D:1      | Reached XP level 2. HP: 19/19 MP: 5/7
   323 | D:1      | Learned a level 2 spell: Searing Ray
   744 | D:1      | Reached skill level 5 in Spellcasting
   744 | D:1      | Reached XP level 3. HP: 25/25 MP: 5/9
   965 | D:1      | Found a faded altar of an unknown god.
  1194 | D:2      | Reached skill level 1 in Invocations
  1494 | D:2      | Reached skill level 1 in Fighting
  1494 | D:2      | Reached skill level 1 in Short Blades
  1494 | D:2      | Reached skill level 1 in Long Blades
  1494 | D:2      | Reached skill level 1 in Axes
  1494 | D:2      | Reached skill level 1 in Maces & Flails
  1494 | D:2      | Reached skill level 1 in Polearms
  1494 | D:2      | Reached skill level 1 in Staves
  1494 | D:2      | Reached skill level 1 in Ranged Weapons
  1494 | D:2      | Reached skill level 1 in Throwing
  1494 | D:2      | Reached skill level 1 in Armour
  1494 | D:2      | Reached skill level 1 in Shields
  1494 | D:2      | Reached skill level 1 in Unarmed Combat
  1494 | D:2      | Reached skill level 1 in Evocations
  1813 | D:2      | Reached skill level 1 in Shapeshifting
  1813 | D:2      | Reached XP level 4. HP: 32/32 MP: 8/11
  2547 | D:3      | Reached skill level 1 in Hexes
  2547 | D:3      | Reached skill level 1 in Summonings
  2547 | D:3      | Reached skill level 1 in Necromancy
  2547 | D:3      | Reached skill level 1 in Translocations
  2547 | D:3      | Reached skill level 1 in Fire Magic
  2547 | D:3      | Reached skill level 1 in Ice Magic
  2547 | D:3      | Reached skill level 1 in Air Magic
  2547 | D:3      | Reached skill level 1 in Earth Magic
  2547 | D:3      | Reached skill level 1 in Alchemy
  2685 | D:3      | Reached XP level 5. HP: 37/37 MP: 6/12
  2751 | D:3      | Identified the +6 mace of the Durable God {vamp, Fly rN+}
  3687 | D:4      | Noticed an ogre
  3695 | D:4      | Killed an ogre
  3696 | D:4      | Reached skill level 5 in Dodging
  3696 | D:4      | Reached XP level 6. HP: 44/44 MP: 5/14
  3824 | D:4      | Found a stormy altar of Qazlal.
  3983 | D:5      | Entered Level 5 of the Dungeon
  4280 | D:5      | Reached XP level 7. HP: 51/51 MP: 8/15
  4468 | D:5      | Reached skill level 5 in Stealth
  5665 | D:6      | Reached XP level 8. HP: 58/58 MP: 8/16
  6018 | D:6      | Learned a level 4 spell: Fulminant Prism
  6023 | D:6      | Learned a level 4 spell: Iskenderun's Mystic Blast
  6146 | D:6      | Found a staircase to the Ecumenical Temple.
  6155 | Temple   | Entered the Ecumenical Temple
  6172 | Temple   | Became a worshipper of Vehumet
  7049 | D:7      | Found a runed translucent door.
  7050 | D:7      | Noticed Crazy Yiuf
  7169 | D:7      | Reached XP level 9. HP: 65/65 MP: 13/18
  7543 | D:8      | Reached skill level 8 in Conjurations
  7864 | D:8      | Noticed Joseph
  7895 | D:8      | Found a flagged portal.
  7906 | Bailey   | Entered a bailey
  7956 | Bailey   | Noticed an orc knight
  7985 | Bailey   | Killed an orc knight
  7985 | Bailey   | Reached * piety under Vehumet
  7985 | Bailey   | Offered knowledge of Foxfire by Vehumet.
  7986 | Bailey   | Reached skill level 5 in Invocations
  8139 | Bailey   | Noticed an orc high priest
  8197 | Bailey   | HP: 1/66 [electric eel/bolt of electricity (10)]
  8197 | Bailey   | Killed from afar by an electric eel

Illustrated notes

Levels and vault maps discovered:
D:1:      shiori_arrival_maze, layout_basic, dilly_ecumenical_altar_fadedgnrine,
          st_stairs_5
D:2:      layout_loops_ring
D:3:      layout_basic, minmay_misc_feat_diagonals, palyth_stone_intersect
D:4:      layout_cave_pools, mainiacjoe_overflow_alcove_1
D:5:      layout_loops_cross, st_stairs_8
D:6:      layout_loops_corners, minmay_temple_entry_slanted
D:7:      layout_loops_ring, hangedman_decor_opposing,
          kennysheep_generic_room_2, uniq_crazy_yiuf_cottage
D:8:      layout_loops_corners, enter_bailey_3, uniq_joseph
Temple:   minmay_crystal_snake_temple
Bailey:   bailey_axe_of_yendor_kennysheep, bailey

Skill      XL: |  1  2  3  4  5  6  7  8  9 |
---------------+----------------------------+-----
Spellcasting   | 5 6 7 |  7.0
Invocations    | 1 2 3 4 5 |  5.2
Fighting       | 1 2 3 4 |  4.7
Short Blades   | 1 2 3 4 |  4.7
Long Blades    | 1 2 3 4 |  4.7
Axes           | 1 2 3 4 |  4.7
Maces & Flails | 1 2 3 4 |  4.7
Polearms       | 1 2 3 4 |  4.7
Staves         | 1 2 3 4 |  4.7
Ranged Weapons | 1 2 3 4 |  4.7
Throwing       | 1 2 3 4 |  4.7
Armour         | 1 2 3 4 |  4.7
Shields        | 1 2 3 4 |  4.7
Unarmed Combat | 1 2 3 4 |  4.7
Evocations     | 1 2 3 4 |  4.7
Shapeshifting  | 1 2 3 4 |  4.3
Hexes          | 1 2 3 |  3.9
Summonings     | 1 2 3 |  3.9
Necromancy     | 1 2 3 |  3.9
Translocations | 1 2 3 |  3.9
Fire Magic     | 1 2 3 |  3.9
Ice Magic      | 1 2 3 |  3.9
Air Magic      | 1 2 3 |  3.9
Earth Magic    | 1 2 3 |  3.9
Alchemy        | 1 2 3 |  3.9
Dodging        | 5 6 |  6.6
Stealth        | 5 6 |  6.4
Conjurations   | 8 |  8.2

Action                     |  1- 3 |  4- 6 |  7- 9 || total
---------------------------+-------+-------+-------++-------
  Melee: Dagger            |     1 |     4 |       ||     5
         Mace              |       |       |     2 ||     2
   Cast: Magic Dart        |    80 |    56 |    39 ||   175
         Searing Ray       |     1 |    12 |    49 ||    62
  Evoke: Wand              |       |       |     2 ||     2
    Use: Scroll            |       |       |     6 ||     6
   Stab: Sleeping          |       |       |     1 ||     1
 Armour: Robe              |     6 |     4 |    13 ||    23
         Steam dragon scal |       |       |    21 ||    21
  Dodge: Dodged            |    12 |    12 |    59 ||    83
